Cogmind - Beta 16 @@@ ROGUE MODE // 2025.12.03 @ 14:15:30 Player: GGOBC-006 Result: Destroyed by E1-H1V(R) with Subdweller Machine Gun Performance ------------- Evolutions (0) 0 Regions Visited (2) 400 Robots Destroyed (34) 170 Value Destroyed (496) 496 Prototype IDs (0) 0 Alien Tech Used (0) 0 Bonus (0) 0 TOTAL SCORE: 1066 Bonus ------- None Cogmind --------- Core Integrity 0/250 Matter 128/300 Energy 100/100 System Corruption 1% Temperature Cool (0) Movement Flying (40) Location -10/Subcaves Parts ------- > --- POWER (1) -------- (None) > --- PROPULSION (2) --- Flight Unit > --- UTILITY (2) ------ (None) > --- WEAPON (2) ------- Improved Light Cannon > --- INVENTORY (5) ---- Improved Ion Engine EM Pulse Gun Heavy Riot Gun Subdweller Laser Improved Light Cannon Peak State ------------ > --- POWER ------------ Light Ion Engine > --- PROPULSION ------- Hover Unit Hover Unit > --- UTILITY ---------- Improved Terrain Scanner Seismic Detector > --- WEAPON ----------- Improved Light Cannon Improved Light Cannon > --- INVENTORY -------- Flight Unit Heat Sink EM Pulse Gun Assault Rifle Mining Laser [Rating: 11] Favorites ----------- Power Ion Engine Engine Ion Engine Power Core Light Nuclear Core Propulsion Hover Unit Wheel Wheel Hover Unit Hover Unit Flight Unit Flight Unit Utility Improved Terrain Scanner Device Improved Terrain Scanner Processor Signal Interpreter Weapon Improved Light Cannon Energy Gun Small Laser Ballistic Cannon Improved Light Cannon Build | -11 -10 -10 ------- Run | Yrd Mat Sub Slots Evolved . | . . . Power . | . . . Propulsion . | . . . Utility . | . . . Weapon . | . . . Parts Attached 24 | 7 17 . Power 3 | 1 2 . Engine 2 | 1 1 . Core 1 | . 1 . Reactor . | . . . Propulsion 9 | 2 7 . Treads . | . . . Leg . | . . . Wheel 3 | 2 1 . Hover 3 | . 3 . Flight 3 | . 3 . Utility 6 | 3 3 . Device 5 | 3 2 . Storage . | . . . Processor 1 | . 1 . Hackware . | . . . Protection . | . . . Artifact . | . . . Weapon 6 | 1 5 . Energy Gun 2 | 1 1 . Energy Cannon . | . . . Ballistic Gun . | . . . Ballistic Cannon 4 | . 4 . Launcher . | . . . Special Weapon . | . . . Impact Weapon . | . . . Slashing Weapon . | . . . Piercing Weapon . | . . . Special Melee Weapon . | . . . Unidentified Prototypes . | . . . Corrupted Parts 1 | . 1 . System Corruption 1 | . 1 . Parts Lost 9 | . 8 1 Power 2 | . 2 . Propulsion 4 | . 3 1 Utility 1 | . 1 . Weapon 2 | . 2 . Highest Loss Streak 5 | . 5 1 To Critical Strikes . | . . . Average Backups 4 | 2 4 3 Power . | . . 1 Propulsion . | . 1 . Utility . | . . . Weapon 2 | 1 2 2 Tool/Special . | . . . Unused Backups 6 | . 4 2 Power 1 | . . 1 Propulsion . | . . . Utility 2 | . 2 . Weapon 3 | . 2 1 Tool/Special . | . . . Average Slot Usage (%) 65 | . 68 41 Engine 6 | . 7 . Core 2 | . 2 . Wheel 2 | . 3 . Hover 7 | . 8 . Flight 8 | . 5 27 Device 10 | . 12 . Processor 3 | . 4 . Energy Gun 3 | . 3 . Ballistic Cannon 19 | . 19 14 Peak Build Rating 11 | 9 11 5 Average Rating 6 | 4 7 4 On Entrance 4 | . 8 4 Avg Prop Armor Cover (%) 3 | . 3 . Naked Turns . | . . . Heaviest Build 13 | 8 13 4 Greatest Support 20 | 20 20 8 Greatest Overweight (x) 4 | . 4 . Average Overweight (x) . | . . . Largest Inventory Capacity 5 | 5 5 5 Average Capacity 5 | 5 5 5 Most Carried 5 | 4 5 5 Average Carried 4 | 2 4 3 Final Capacity 5 | 5 5 5 Final Carried 5 | 4 3 5 Class Distribution -------------------- 100% | Mutant Dominant Class ---------------- Mutant | -10/Materials Mutant | -10/Subcaves Resources | -11 -10 -10 ----------- Run | Yrd Mat Sub Matter Collected 733 | 270 463 . Remotely . | . . . Salvage Created 966 | 206 760 . Parts 72 | 19 53 . Haulers Intercepted 2 | . 2 . Recyclers Shooed 3 | . 3 . Parts Field Recycled . | . . . Retrieved Matter . | . . . Parts Self-Destructed . | . . . Prevented . | . . . Parts Restored . | . . . Kills | -11 -10 -10 ------- Run | Yrd Mat Sub Combat Hostiles Destroyed 12 | . 12 . Guns 1 | . 1 . Cannons 10 | . 10 . AOE 1 | . 1 . Classes Destroyed 10 | 3 7 . Worker 3 | 1 2 . Builder 1 | . 1 . Tunneler 4 | 4 . . Hauler 2 | . 2 . Recycler 6 | 1 5 . Mechanic 1 | . 1 . Operator 2 | . 2 . Watcher 3 | . 3 . Swarmer 6 | . 6 . Grunt 6 | . 6 . Best Kill Streak 9 | 3 9 . Combat Bots Only 6 | . 6 . Max Kills in Single Turn 3 | 1 3 . Gunslinging . | . . . Exploded 1 | . 1 . Melee . | . . . Uniques/NPCs Destroyed . | . . . Combat | -11 -10 -10 -------- Run | Yrd Mat Sub Hostile Shots Fired 69 | . 66 3 Missed 18 | . 18 . Hits 51 | . 48 3 Projectile 51 | . 48 3 Critical Strikes 1 | . . 1 Damage Taken 866 | . 808 58 Core 261 | . 241 20 Absorbed by Shields . | . . . Core Remaining (%) 100 | 100 . . Volleys Fired 147 | 32 97 18 Largest 2 | 1 2 1 Hottest 80 | 40 80 33 Shots Fired 180 | 32 130 18 Gun 68 | 32 36 . Cannon 112 | . 94 18 Launcher . | . . . Special . | . . . Kinetic 112 | . 94 18 Thermal 62 | 32 30 . Explosive . | . . . Electromagnetic 6 | . 6 . Robot Hit Streak 11 | 8 11 5 Robot Miss Streak 5 | 4 5 . Penetration Max . | . . . Secondary Targets . | . . . Shots Hit Robots 80 | 23 55 2 Core Hits 36 | 7 29 . Critical Kills . | . . . Critical Parts Destroyed . | . . . Critical Strikes 1 | . 1 . Blast 1 | . 1 . Melee Attacks . | . . . Impact . | . . . Slashing . | . . . Piercing . | . . . Sneak Attacks . | . . . Combat Hostiles . | . . . Follow-up Attacks . | . . . Damage Inflicted 1951 | 260 1653 38 Guns 472 | 260 212 . Cannons 842 | . 804 38 Explosions 637 | . 637 . Melee . | . . . Ramming . | . . . Kinetic 842 | . 804 38 Thermal 426 | 260 166 . Explosive 637 | . 637 . Electromagnetic 46 | . 46 . Impact . | . . . Slashing . | . . . Piercing . | . . . Highest Corruption 1 | . 1 1 Average Corruption 1 | . 1 1 Corruption Purged . | . . . Corruption Blocked . | . . . Effects 11 | . 10 1 Message Errors 4 | . 4 . Matter Fused 3 | . 3 . Heat Flow Errors 1 | . . 1 Energy Discharges 1 | . 1 . Data Loss (minor) 1 | . 1 . Data Loss (major) 1 | . 1 . Overload Shots . | . . . Overflow Damage 137 | . 137 . Projectiles 43 | . 43 . Explosions 94 | . 94 . Melee . | . . . Knockbacks 5 | . 5 . Impact . | . . . Kinetic 4 | . 4 . Secondary 1 | . 1 . Self-Inflicted Damage 277 | . 277 . Shots 3 | . 3 . Rammed . | . . . Targets Rammed . | . . . Kicked . | . . . Crushed . | . . . Highest Temperature 258 | . 167 258 Average Temperature 45 | . 40 154 Received Heat Transfer 168 | . 168 . Siege Activations . | . . . Martial Activations . | . . . Shielding Activations . | . . . Robots Disrupted . | . . . Combat Hostiles . | . . . Robots Corrupted . | . . . Combat Hostiles . | . . . Parts Fried . | . . . Impact Corruptions . | . . . Robots Melted . | . . . Combat Hostiles . | . . . Parts Melted . | . . . Heat Transferred 950 | 575 375 . Parts Sabotaged . | . . . Parts Stolen . | . . . Parts Stripped . | . . . Power Chain Reactions . | . . . Alert | -11 -10 -10 ------- Run | Yrd Mat Sub Maximum Alert Level 1 | . 1 . Low Security (%) 98 | 100 98 . Level 1 1 | . 1 . Level 2 . | . . . Level 3 . | . . . Level 4 . | . . . Level 5 . | . . . High Security . | . . . Max Security . | . . . Peak Influence 201 | 10 201 . Initial . | . . . Average 69 | 1 77 . Influence Increases 617 | 30 587 . Destroy 0b10 Robot/C 240 | . 240 . Destroy 0b10 Robot/NC 110 | 30 80 . Destroy Leader 60 | . 60 . Successful Hack 15 | . 15 . Select Force Hacks 30 | . 30 . Disable Machine 75 | . 75 . Destroy Structure 87 | . 87 . Influence Decreases 608 | 30 414 164 Entered New Map 84 | . . 84 Time Decay 434 | 30 334 70 Lost Part 90 | . 80 10 Squads Dispatched 4 | . 4 . Investigation 1 | . 1 . Extermination . | . . . Reinforcement 3 | . 3 . Assault . | . . . Garrison . | . . . Intercept . | . . . Searches Triggered . | . . . Construction Impeded . | . . . Haulers Reinforced . | . . . Active Scanning Responses . | . . . Cargo Convoy Interrupts . | . . . Stealth | -11 -10 -10 --------- Run | Yrd Mat Sub Distress Signals 2 | . 2 . Communications Jammed . | . . . Distress Signals . | . . . Times Spotted 25 | . 24 1 Peak Tracking Total 4 | . 4 1 Tactical Retreats . | . . . Traps | -11 -10 -10 ------- Run | Yrd Mat Sub Traps Triggered 2 | . 2 . Indirectly . | . . . Trap Hack Attempts . | . . . Triggered . | . . . Disarmed . | . . . Reprogrammed . | . . . Reused . | . . . Traps Extracted . | . . . Installed . | . . . Triggered . | . . . Machines | -11 -10 -10 ---------- Run | Yrd Mat Sub Machines Disabled 5 | . 5 . Max in Single Turn 2 | . 2 . Machines Repaired . | . . . Machines Dismantled . | . . . Machines Sabotaged . | . . . Overloaded Fab Kills . | . . . Hacking | -11 -10 -10 --------- Run | Yrd Mat Sub Machines Accessed 6 | . 6 . Terminals 4 | . 4 . Fabricators . | . . . Repair Stations . | . . . Recycling Units 2 | . 2 . Scanalyzers . | . . . Garrison Access . | . . . Total Hacks 21 | . 21 . Successful 11 | . 11 . Failed 10 | . 10 . Catastrophic 1 | . 1 . Database Lockouts . | . . . Manual 19 | . 19 . Terminals 18 | . 18 . Fabricators . | . . . Repair Stations . | . . . Recycling Units 3 | . 3 . Scanalyzers . | . . . Garrison Access . | . . . Terminal Hacks 1 | . 1 . Unreport Threat 1 | . 1 . Fabricator Hacks . | . . . Repair Station Hacks . | . . . Recycling Unit Hacks 2 | . 2 . Retrieve Components 2 | . 2 . Scanalyzer . | . . . Garrison Access Hacks . | . . . Unauthorized Hacks 8 | . 8 . Terminals 7 | . 7 . Track 2 | . 2 . Assimilate 1 | . 1 . Botnet 3 | . 3 . Operators 1 | . 1 . Fabricators . | . . . Repair Stations . | . . . Recycling Units 1 | . 1 . Tunnel 1 | . 1 . Scanalyzers . | . . . Garrison Access . | . . . Data Cores Recovered . | . . . Used . | . . . Hacking Detections 4 | . 4 . Full Trace Events 1 | . 1 . Feedback Events . | . . . Feedback Blocked . | . . . Robot Schematics Acquired . | . . . Robots Built . | . . . Authchips . | . . . Time . | . . . Total Robot Build Rating . | . . . Part Schematics Acquired . | . . . Parts Built . | . . . Authchips . | . . . Time . | . . . Total Part Build Rating . | . . . Part Studies Acquired . | . . . Parts Repaired . | . . . Time . | . . . Parts Recycled . | . . . Recycled Matter . | . . . Retrieved Matter . | . . . Retrieved Components 20 | . 20 . Parts Scanalyzed . | . . . Part Schematics Acquired . | . . . Parts Damaged . | . . . Bothacking | -11 -10 -10 ------------ Run | Yrd Mat Sub Used RIF Installer . | . . . Robots Hacked . | . . . Non-combat . | . . . Combat . | . . . Robot Hacks Applied . | . . . Relay Couplers Released . | . . . Fabnet Peak Effective % . | . . . Robots Rewired . | . . . Allies Hacked . | . . . Hacks Repelled . | . . . Allies | -11 -10 -10 -------- Run | Yrd Mat Sub Total Allies . | . . . Largest Group . | . . . Highest-Rated Group . | . . . Highest-Rated Ally . | . . . Total Orders . | . . . Ally Attacks . | . . . Total Damage . | . . . Kills . | . . . Allies Corrupted . | . . . Allies Melted . | . . . Intel | -11 -10 -10 ------- Run | Yrd Mat Sub Active Infowar (turns) 664 | 55 609 . Sensors 270 | . 270 . Terrain 405 | 55 350 . Seismic 356 | 17 339 . Robot Analysis Total . | . . . Derelict Logs Recovered . | . . . Drone Launches . | . . . Drone Recoveries . | . . . Exploration | -11 -10 -10 ------------- Run | Yrd Mat Sub Turns Passed 1401 | 134 1126 141 Spaces Moved 1121 | 69 932 120 Core 171 | 3 168 . Treads . | . . . Legs . | . . . Wheels 177 | 66 111 . Hover 366 | . 366 . Flight 407 | . 287 120 Fastest Speed 37 | 50 37 37 Average Speed 81 | 78 87 37 Slowest Speed 250 | 80 250 37 Overloaded Moves . | . . . Propulsion Burnouts . | . . . Robots Hopped . | . . . Potential Cave-ins . | . . . Cave-ins Triggered . | . . . Exploration Rate (%) 33 | 5 88 8 Regions Visited 2 Branch Regions 1 Pre-discovered Areas 1 | . 1 . Known Exits Taken . | . . . Unknown Exits Taken 2 | 1 1 . Scrap Searched . | . . . Spaces Dug 2 | . 2 . Terrain Destroyed 95 | . 95 . Melee . | . . . Projectile 9 | . 9 . AOE 86 | . 86 . Terrain Rammed . | . . . Walls Destroyed . | . . . Machines Disabled . | . . . Actions | -11 -10 -10 --------- Run | Yrd Mat Sub Total 1424 | 113 1112 199 Wait 94 | . 35 59 Move 1119 | 68 931 120 Hop . | . . . Pick Up 15 | 5 8 2 Fast Attach 17 | 6 11 . Attach 6 | 1 5 . Detach 2 | . 2 . Swap 5 | . 5 . Drop 19 | 1 18 . Fire 147 | 32 97 18 Melee . | . . . Ram . | . . . Kick . | . . . Crush . | . . . Escape Stasis . | . . . Rewire . | . . . Trap . | . . . Miscellaneous . | . . . Route ------- -11/Scrapyard -10/Materials (discovered 4 exits: *Mat x3 / [*Sub]) -10/Subcaves (discovered 1 exit: [*Mat]) History --------- Turn | Location | Event 12 | -11/Scrapyard | Discovered new exit (range 15) 135 | -11/Scrapyard | Entered Materials 305 | -10/Materials | Build established: Mutant 460 | -10/Materials | Discovered new exit (range 16) 487 | -10/Materials | Identified exit to Materials 599 | -10/Materials | Discovered exit to Materials (range 5) 778 | -10/Materials | Lost 5 parts (1p2n1u1w) 830 | -10/Materials | Discovered exit to Materials (range 13) 921 | -10/Materials | Core integrity fell below 50% 986 | -10/Materials | Core integrity fell below 20% 1135 | -10/Materials | Derelicts attacked the area 1258 | -10/Materials | Discovered new exit (range 8) 1261 | -10/Materials | Entered Subcaves 1261 | -10/Subcaves | Discovered new exit (range 10) 1262 | -10/Subcaves | Approached by a straggling Scientist 1263 | -10/Subcaves | Shifting Twisted Machinery released Spk. Treads 1320 | -10/Subcaves | Shifting Twisted Machinery released Sub. Laser 1381 | -10/Subcaves | Shifting Twisted Machinery released Hvy. Riot Gun 1397 | -10/Subcaves | Disturbed a concealed Subdweller 1402 | -10/Subcaves | Destroyed by E1-H1V(R) with Subdweller Machine Gun Last Messages --------------- us both out of this nasty situation. At least I think I can... The group I got separated from was talking about a shortcut back to the UFD." XX-K1K(c): "I think it's somewhere south of here" Sub. Laser falls loose from the Twisted Machinery. Acquired Sub. Laser. System corrupted: Heat flow error (+285). XX-K1K(c): "I think it's somewhere southwest of here" Hvy. Riot Gun falls loose from the Twisted Machinery. Acquired Hvy. Riot Gun. E1-H1V(R) angrily emerges from the Twisted Machinery. Flight Unit destroyed. E1-H1V(R) affixes Scrap Shield Fragment to Scrap Shield. Map ----- +----------------------------------------------------+ | ?????????????????????????????????????????????????? | | ?????????????????????????????????????????????????? | | ?????????????????????????????????????????????????? | | ?????????????????????????????????????????????????? | | ?????????????????????????????????????????????????? | | ?????????????????????????????????????????????????? | | ?????????????????????????????????????????????????? | | ?????????????????????????????????????????????????? | | ?????????????????????????????????????????????????? | | ?????????????????????????????????????????????????? | | ?????????????????????????????????????????????????? | | ?????????????????????????????????????????????????? | | ?????????????????????????????????????????????????? | | ?????????????????????????????????????????????????? | | ?????????????????????????????????????????????????? | | ?????????????????????????????????????#########???? | | ?????????????????????????????????##??# #??? | | ????????????????????????????????##"### #???? | | ????????????????????????????????# " # #???? | | ????????????????????????????????# " ?????? | | ?????????????????????????????????#" #???????? | | ????????????????????????????????##" #???????? | | ????????????????????????????????# "" ##?##???? | | ????????????????????????######??#### ### #### | | ???????????????????????##R"$$#?????##" # # | | ???????????????????????# @"<#??????##" #### | | ???????????????????????#%####??????# "=" ## | | ???????????????????????#< ""#????###"" " | | ???????????????????????### #######"#"" " | | ???????????????????????##" " ## """" # | | ?????????????????????### " | | ?????????????????????# " """#"< | | ?????????????????????## """###""" # | | ??????????????????????## ######"""###### ## | | ???????????????????????#######????##"##????## #### | | ???????????????????????????????????###??????###??? | | ?????????????????????????????????????????????????? | | ?????????????????????????????????????????????????? | | ?????????????????????????????????????????????????? | | ?????????????????????????????????????????????????? | | ?????????????????????????????????????????????????? | | ?????????????????????????????????????????????????? | | ?????????????????????????????????????????????????? | | ?????????????????????????????????????????????????? | | ?????????????????????????????????????????????????? | | ?????????????????????????????????????????????????? | | ?????????????????????????????????????????????????? | | ?????????????????????????????????????????????????? | | ?????????????????????????????????????????????????? | | ?????????????????????????????????????????????????? | +----------------------------------------------------+ Best States ------------- Heat Dissipation 25 Energy Generation 14 Energy Capacity 250 Matter Stores 300 Matter Capacity 300 Sight Range 16 Robot Scan Range 14 Terrain Scan Range 16 Terrain Scan Density 10 Evasion (%) 62 Item Schematics ----------------- None Robot Schematics ------------------ None Fabricated ------------ Nothing Repaired ---------- Nothing Studied --------- None Alien Tech Used ----------------- None Achievements -------------- Bumper Bots Challenges ------------ None Game ------ Seed ArchitectSurveybotCloak Manual? 0 Play Time 00:21:57 Cumulative 85.1 hours Start 2025.12.03 @ 13:51:11 End 2025.12.03 @ 14:15:30 Sessions 1 Manual Loads 0 Difficulty Rogue Special Mode None Game No. 62 Rogue 62 Adventurer 0 Explorer 0 Win Type - Total 0 Types 0/0/0/0/0/0/0/0/0/0 Lore% 47 Gallery% 44 Achievement% 32 Wizard Run 0 Options --------- Layout 1 ASCII 0 Keyboard 0 Movement Mouse Keybinds 0 Fullscreen 1 Font 32/SmallcapsGlow Map View 50x40 Zoom Use 0% Tactical HUD 0 Map Filters NONE Filters NONE Steam 1 RUN: 7630919c-158e-454c-83f5-ec4babc07167